Map: Nightshade LE

Players

MrMidnight

  • Race: Terran Terran
  • League: Master
  • Spawn Location: 5:00

neverwinter - Winner!

  • Race: Zerg Zerg
  • League: Master
  • Spawn Location: 11:00

VOD

Have the link to the VOD?

Description

Time

  • Played on: May 14, 2020, 5:51 a.m.
  • Length: 9:30
Show
View Real Time Build Order
Export as new Build Order

MrMidnight Terran 

Build Orders: Reaper Expand 

Get SALT Encoding   

  12  0:01  SCV  
  13  0:13  SCV  
  14  0:19  Supply Depot  
  14  0:25  SCV  
  15  0:41  SCV  
  15  0:42  Barracks  
  16  0:46  Refinery  
  16  0:53  SCV  
  17  1:05  SCV  
  18  1:17  SCV  
  19  1:29  Orbital Command  
  19  1:30  Reaper  
  20  1:42  Command Center  
  20  1:53  Supply Depot  
  20  1:55  SCV  
  21  2:02  Marine  
  21  2:07  SCV  
  23  2:14  Factory  
  23  2:19  Refinery  
  23  2:20  SCV, Marine  
  25  2:32  SCV  
  25  2:40  Barracks Reactor  
  24  2:48  Command Center  
  24  2:49  SCV  
  25  3:00  Factory Tech Lab  
  25  3:01  SCV  
  25  3:13  SCV, Engineering Bay  
  25  3:16  Engineering Bay  
  26  3:20  Orbital Command  
  26  3:21  Marine x2  
  28  3:27  Cyclone  
  31  3:38  Marine  
  32  3:44  SCV  
  33  3:52  Marine  
  33  3:54  Starport  
  34  3:56  Marine  
  34  3:59  Siege Tank  
  34  4:00  Orbital Command  
  38  4:05  SCV  
  38  4:09  SCV  
  40  4:12  Marine  
  40  4:14  Marine  
  41  4:25  SCV  
  41  4:28  Orbital Command  
  42  4:31  Siege Tank  
  42  4:34  SCV  
  42  4:37  SCV  
  47  4:39  Liberator  
  50  4:49  Barracks  
  50  4:51  Barracks  
  50  4:54  SCV  
  50  4:55  SCV x2  
  53  5:02  Marine x2  
  55  5:08  Siege Tank  
  55  5:11  SCV  
  55  5:12  SCV, Orbital Command  
  60  5:18  Engineering Bay  
  60  5:21  Engineering Bay  
  60  5:23  Starport Reactor  
  60  5:24  SCV  
  61  5:35  Supply Depot x2  
  61  5:36  Supply Depot  
  61  5:39  Barracks Reactor, Barracks Tech Lab  
  61  5:56  SCV x2, Marine x2  
  65  5:58  Missile Turret  
  65  5:59  Terran Infantry Weapons Level 1, Terran Infantry Armor Level 1  
  65  6:01  Missile Turret, Marine  
  63  6:13  Missile Turret  
  63  6:14  Medivac, Marine x2  
  63  6:18  Refinery  
  67  6:19  Refinery, Marine  
  67  6:27  SCV  
  67  6:31  Marine x2  
  70  6:34  Marine x2  
  70  6:35  Medivac  
  70  6:36  Orbital Command, Marine  
  76  6:40  SCV  
  76  6:43  SCV  
  77  6:49  Stimpack  
  77  6:50  Marine x2  
  77  6:52  SCV, Marine  
  81  6:55  SCV  
  81  6:56  Marine x2  
  81  6:57  Missile Turret  
  84  7:04  SCV  
  84  7:07  SCV  
  84  7:09  Marine  
  84  7:12  Marine  
  85  7:16  SCV  
  85  7:27  Armory  
  85  7:30  Supply Depot  
  85  7:32  Supply Depot  
  85  7:34  Marine  
  85  7:36  Marine  
  85  7:51  Marine x2  
  85  7:52  SCV, Medivac x2  
  85  7:54  Marine x3  
  90  8:00  SCV x2  
  90  8:01  Barracks  
  90  8:03  Barracks  
  90  8:04  SCV  
  93  8:09  Marine x2  
  93  8:12  SCV x2, Missile Turret, Marine  
  98  8:16  SCV  
  99  8:22  Marine x2  
  101  8:27  SCV x2, Marine  
  101  8:32  Supply Depot  
  101  8:36  Missile Turret  
  101  8:38  Missile Turret  
  101  8:45  Supply Depot  
  101  8:48  Supply Depot  
  101  8:53  Medivac x2, Marine x3  
  101  8:54  Barracks Reactor x2  
  108  8:59  SCV  
  109  9:06  Factory  
  109  9:07  SCV  
  109  9:08  Refinery  
  109  9:09  Supply Depot  
  110  9:10  Refinery  
  110  9:13  Supply Depot  
Show
View Real Time Build Order
Export as new Build Order

neverwinter Zerg - Winner!

Build Orders: Pool First 

Get SALT Encoding   

  12  0:03  Drone  
  13  0:12  Overlord  
  13  0:17  Drone  
  14  0:31  Drone x2  
  16  0:37  Drone  
  17  0:45  Spawning Pool  
  17  0:48  Drone  
  17  0:57  Drone  
  18  1:11  Hatchery  
  18  1:14  Extractor  
  16  1:19  Drone x2  
  18  1:32  Zergling x2  
  19  1:33  Queen  
  21  1:44  Roach Warren  
  21  1:46  Drone  
  21  1:51  Drone  
  22  2:04  Overlord  
  22  2:21  Queen  
  24  2:25  Roach x3  
  29  2:39  Queen  
  29  2:41  Drone  
  32  3:03  Drone x3  
  32  3:04  Overlord  
  35  3:06  Drone  
  35  3:07  Lair  
  36  3:23  Drone  
  36  3:24  Drone x4  
  41  3:29  Drone  
  41  3:31  Overlord  
  42  3:43  Overlord  
  42  3:49  Overlord, Drone  
  42  3:50  Drone x2  
  45  4:04  Drone  
  45  4:05  Drone x3  
  45  4:09  Extractor  
  48  4:10  Spire  
  48  4:11  Extractor  
  48  4:12  Extractor  
  41  4:31  Drone x3  
  41  4:32  Drone x2  
  44  4:39  Overlord  
  44  4:46  Drone x3  
  44  4:47  Drone x3  
  44  4:48  Hatchery  
  44  4:49  Overlord  
  49  5:03  Roach x5  
  59  5:10  Overseer  
  59  5:24  Mutalisk x2  
  59  5:25  Mutalisk x2  
  67  5:31  Mutalisk  
  69  5:36  Drone  
  69  5:37  Drone x2  
  69  5:38  Drone x3  
  75  5:44  Overlord  
  74  6:00  Drone  
  74  6:03  Queen  
  77  6:08  Glial Reconstitution  
  77  6:10  Evolution Chamber, Drone x6  
  77  6:11  Evolution Chamber, Drone x3  
  84  6:14  Mutalisk  
  86  6:26  Ravager x3  
  86  6:27  Ravager  
  86  6:30  Overlord x3  
  90  6:38  Overlord  
  90  6:48  Zerg Ground Armor Level 1  
  90  6:49  Zerg Missile Weapons Level 1  
  90  6:50  Drone x2  
  92  6:54  Drone  
  92  6:55  Hatchery  
  92  6:56  Overlord  
  92  6:58  Ravager  
  93  7:04  Overlord  
  93  7:06  Drone  
  93  7:07  Roach  
  94  7:19  Roach x5  
  94  7:20  Roach x7  
  118  7:27  Extractor  
  118  7:29  Roach  
  119  7:30  Roach x4  
  127  7:56  Drone x3  
  130  7:58  Roach  
  130  7:59  Overlord, Roach x4  
  130  8:00  Overlord x3  
  130  8:05  Overlord  
  138  8:09  Queen  
  138  8:10  Overlord  
  140  8:24  Roach x4  
  140  8:25  Roach x8  
  140  8:26  Drone  
  140  8:27  Drone x4  
  167  8:33  Overlord  
  168  8:34  Drone x2  
  168  8:36  Extractor  
  168  8:45  Infestation Pit, Roach x4  
  168  8:48  Overlord  
  175  8:53  Overlord  
  171  9:05  Drone x2  
  171  9:06  Drone x8  
  171  9:09  Overlord  
Tags
 
Add a new tag
Caveats
  • Supply blocks, unpowered buildings, or Contaminate may cause inaccurate times.
  • Supply counts are checked every 10 seconds.